Unix NetHack Version 3.7.0-62 Work-in-progress - last build Aug 7 2022 04:32:40 (f254b98e4f4e6c2f4e816e90bd3419c5233a8e5f,branch:master). Game began 2022-08-08 17:59:31, ended 2022-08-09 19:26:28. spontiff, lawful female dwarven Valkyrie --- --.----- |......| --.....-- ---.%....| --........| ....----..| .... -.-------.| --- ........- ------.--%| --.---- ...)....)---.|.......-- |...|.--.o............|...........| ---..T...o.oo.. ..)..........-- ^ --..@..--... .... ..)...-- ---.---|.. .......| --- ......-- .......-- .........| .......^.^| -.--.|..-- --------- Spontiff the Skirmisher St:17 Dx:13 Co:19 In:10 Wi:9 Ch:8 Lawful S:987 Dlvl:9 $:79 HP:0(57) Pw:5(5) AC:4 Xp:4/127 T:2692 Hungry Latest messages: You are hit by a knife. The Mordor orc wields a scimitar! The Mordor orc picks up a knife. You hit the Mordor orc. You miss the Mordor orc. You miss the Mordor orc. You hit the Mordor orc! You miss the Mordor orc. You kill the Mordor orc! You miss the giant bat. The giant bat bites! You miss the giant bat. The giant bat bites! You hit the giant bat! The giant bat misses! The giant bat bites! You kill the giant bat! q - a brilliant blue potion. There are several more objects here. u - an orcish helm. There are several objects here. You see here a killer bee corpse. Pick an object. Pick an object. You don't have anything to zap. You see here a dagger. The Mordor orc throws a knife! A knife misses you. The hill orc throws a spear! A spear misses you. The Mordor orc zaps a spiked wand! The wand hits you! Pick an object. In what direction? l You disarm the trap. The Mordor orc zaps a spiked wand! The wand hits you! The Mordor orc zaps a spiked wand! The wand misses you. You already found a monster. Use 'm' prefix to force another search. Pick an object. You miss the rock troll. You are beginning to feel hungry. The rock troll thrusts her short sword. The rock troll hits! The rock troll hits! The rock troll bites! You die... Do you want your possessions identified? [ynq] (y) y Do you want to see the dungeon overview? [ynq] (y) y Major events: Turn 1: spontiff the lawful dwarven Valkyrie entered the dungeon 2127: entered the Gnomish Mines 2617: attained the rank of Skirmisher (level 3) 2692: killed by a rock troll Inventory: Amulets A - an uncursed amulet versus poison (being worn) Weapons m - 8 blessed +1 darts W - 6 uncursed +0 darts k - an uncursed +0 dagger (alternate weapon; not wielded) a - an uncursed +1 dwarvish spear (weapon in hand) Armor h - an uncursed +0 orcish helm (being worn) u - an uncursed +0 orcish helm v - an uncursed +0 pair of speed boots (being worn) r - an uncursed +3 small shield (being worn) Comestibles p - an uncursed berried treasure y - an uncursed berried treasure e - an uncursed food ration n - 2 uncursed food rations Scrolls f - an uncursed scroll of identify D - an uncursed scroll of light Spellbooks E - an uncursed spellbook of wizard lock Potions b - an uncursed potion of extra healing x - an uncursed potion of healing t - an uncursed potion of invisibility i - an uncursed potion of levitation q - an uncursed potion of oil l - a blessed potion of paralysis Rings R - an uncursed ring of conflict Tools g - a blessed crystal ball (0:5) s - an uncursed stethoscope o - an uncursed tin whistle Gems/Stones j - 2 uncursed worthless pieces of orange glass d - 3 uncursed worthless pieces of white glass w - an uncursed worthless piece of white glass Spontiff the Valkyrie's attributes: Background: You were a Skirmisher, a level 4 dwarven Valkyrie. You were lawful, on a mission for Tyr who was opposed by Odin (neutral) and Loki (chaotic). You were in the Gnomish Mines, on level 9. You entered the dungeon 2692 turns ago. You had 127 experience points, 33 more were needed to attain level 5. Your score was 987 before end-of-game adjustments. Basics: You had 0 out of 57 hit points. You had all 5 energy points (spell power). Your armor class was 4. Your wallet contained 79 zorkmids. Autopickup was on for '$!/="?' plus thrown, with exceptions. Final Characteristics: Your strength was 17 (limit:18/100). Your dexterity was 13 (limit:20). Your constitution was 19 (limit:20). Your intelligence was 10 (limit:16). Your wisdom was 9 (limit:16). Your charisma was 8 (limit:16). Final Status: You were hungry. You were unencumbered. You were wielding a spear. You had basic skill with spear. Final Attributes: You were piously aligned. You were cold resistant. You were poison resistant. You had infravision. You were stealthy. You were very fast. You are dead. Miscellaneous: You encountered 1 bones level. Total elapsed playing time was 1 hour, 2 minutes and 14 seconds. Vanquished creatures: a Mordor orc 2 shriekers 2 giant bats 2 killer bees an acid blob 3 giant rats a gnome 5 jackals a fox 5 goblins a sewer rat 8 grid bugs 4 lichens 3 kobold zombies 5 newts 44 creatures vanquished. No species were genocided or became extinct. Voluntary challenges: You were illiterate. You never engraved Elbereth. You never genocided any monsters. You never polymorphed an object. You never changed form. You used no wishes. Achievements: You entered the Gnomish Mines. You attained the rank of Skirmisher. The Dungeons of Doom: levels 1 to 4 Level 1: Some fountains. Level 2: Level 3: An altar to Tyr, a fountain. Level 4: A sink. Stairs down to The Gnomish Mines. The Gnomish Mines: levels 5 to 9 Level 5: Level 6: Level 9: <- You were here. Final resting place for you, killed by a rock troll, khill-Wiz-Elf-Mal-Cha, killed by a rock troll, Moult-Ran-Elf-Mal-Cha, killed by a rock troll. Game over: ---------- / \ / REST \ / IN \ / PEACE \ / \ | spontiff | | 79 Au | | killed by a rock | | troll | | | | | | 2022 | *| * * * | * _________)/\\_//(\/(/\)/\//\/|_)_______ Farvel spontiff the Valkyrie... You died in The Gnomish Mines on dungeon level 9 with 980 points, and 79 pieces of gold, after 2692 moves. You were level 4 with a maximum of 57 hit points when you died.